 Dungeon Crawl Stone Soup version 0.17.2-1-ge4368a0 (webtiles) character file.

12531 Goblin1989 the Cruncher (level 11, -7/80 HPs)
             Began as a Demonspawn Hunter on Oct 11, 2016.
             Was a High Priest of Okawaru.
             Mangled by a titanic slime creature (77 damage)
             ... on level 11 of the Dungeon on Oct 12, 2016.
             The game lasted 00:36:24 (8999 turns).

Goblin1989 the Cruncher (Demonspawn Hunter)         Turns: 8999, Time: 00:36:24

Health: -7/80      AC: 23    Str: 20    XL:     11   Next: 63%
Magic:  0/11       EV:  9    Int: 15    God:    Okawaru [*****.]
Gold:   444        SH:  0    Dex: 13    Spells: 0 memorised, 10 levels left

rFire  . . .     SeeInvis .     b - +0 quarterstaff
rCold  . . .     Clarity  .     J - +0 plate armour
rNeg   . . .     SustAt   .     (shield currently unavailable)
rPois  +         Gourm    .     Y - +1 hat
rElec  .         Spirit   +     x - +2 cloak {+Inv}
rCorr  .         Warding  .     r - +0 pair of gloves
rMut   .         Stasis   .     I - +0 pair of boots
MR     .....                    (no amulet)
Stlth  ..........               C - +4 ring of strength
                                o - ring of poison resistance

@: not resistant to hostile enchantments, extremely unstealthy
A: talons 2, thin metallic scales 2, clever 1, deterioration 1, frail 1, spiny
2, magic shield
a: Heroism, Finesse, Renounce Religion, Evoke Invisibility


You were on level 11 of the Dungeon.
You worshipped Okawaru.
Okawaru was extremely pleased with you.
You were not hungry.

You visited 1 branch of the dungeon, and saw 11 of its levels.

You collected 444 gold pieces.

Inventory:

Hand Weapons
 a - a +1 hand crossbow
 b - a +0 quarterstaff (weapon)
 H - the +10 dagger "Plog" {freeze, Dex+4}
   (You found it on level 7 of the Dungeon)

   It has been specially enchanted to freeze those struck by it, causing extra
   injury to most foes and up to half again as much damage against particularly
   susceptible opponents.
   It can also slow down cold-blooded creatures.
   It affects your dexterity (+4).
Missiles
 d - 38 bolts
 m - 5 poisoned javelins (quivered)
 P - 24 silver bolts
 U - 28 bolts of frost
 Z - 3 throwing nets
Armour
 r - a +0 pair of gloves (worn)
 x - a +2 cloak of invisibility (worn)
 I - a +0 pair of boots (worn)
 J - a +0 plate armour (worn)
 Y - a +1 hat (worn)
Jewellery
 l - an uncursed ring of positive energy
 o - a ring of poison resistance (left hand)
 C - a +4 ring of strength (right hand)
 V - an uncursed ring of ice
Scrolls
 i - 3 scrolls of noise {!r}
 j - 4 scrolls of remove curse {@r2}
 n - 3 scrolls of enchant armour
 y - 2 scrolls of fear {unknown}
 A - 8 scrolls of identify {unknown}
 G - a scroll of blinking {unknown}
 L - a scroll of silence {unknown}
 M - 4 scrolls of magic mapping
 O - a scroll of vulnerability {unknown}
 Q - 3 scrolls of enchant weapon {unknown}
 R - a scroll of fog {unknown}
 S - a scroll of amnesia {unknown}
 T - 2 scrolls of teleportation {@r4}
 W - a scroll of immolation {!r}
Potions
 c - 3 potions of agility {unknown}
 g - 3 potions of curing {unknown}
 k - 5 potions of heal wounds {unknown}
 q - a potion of haste {unknown}
 s - a potion of magic {unknown}
 t - a potion of resistance
 v - 4 potions of cancellation {unknown}
 w - a potion of lignification {unknown}
 z - a potion of flight {unknown}
 B - a potion of mutation {unknown}
 E - 2 potions of might {unknown}
 F - a potion of cure mutation {unknown}
 K - a potion of ambrosia {unknown}
 N - 2 potions of poison {unknown}
Comestibles
 e - 7 bread rations {@e1}
 f - a royal jelly
 h - 4 meat rations {@e2}
 p - a beef jerky
 u - 4 fruits
 D - a slice of pizza
 X - 3 chunks of flesh {@w0}


   Skills:
 + Level 9.0 Fighting
 * Level 11.4 Staves
 - Level 4.0 Crossbows
 + Level 6.9 Armour
 + Level 7.2 Dodging
 - Level 0.8 Stealth


You had 10 spell levels left.
You didn't know any spells.

Dungeon Overview and Level Annotations

Branches:
Dungeon (11/15)            Temple (0/1) D:7            Lair (0/8) D:8
    Orc (0/4) D:10

Altars:
Ashenzari
Cheibriados
Dithmenos
Gozag
Makhleb
Nemelex Xobeh
Okawaru
Qazlal
Sif Muna
Vehumet
Xom
Yredelemnul
The Shining One

Shops:
D:8 *


Innate Abilities, Weirdness & Mutations

You have razor-sharp toenails.
You are mostly covered in thin metallic scales (AC +3).
You are mostly covered in sharp spines.
When hurt, damage is shared between your health and your magic reserves.
Your mind is acute. (Int +2)
Your body sometimes deteriorates upon taking damage.
You are frail (-10% HP).


Message History

Two slime creatures merge to form an enormous slime creature.
You sock the enormous slime creature!
The enormous slime creature is lightly wounded.
Two slime creatures merge to form a titanic slime creature.
You sock the titanic slime creature!
The titanic slime creature is lightly wounded.
You barely miss the titanic slime creature.
The titanic slime creature is lightly wounded.
The titanic slime creature hits you.
You sock the titanic slime creature!
The titanic slime creature is lightly wounded.
The titanic slime creature is struck by your spines.
The titanic slime creature closely misses you.
You take 3 damage, and have 70/80 hp.
You now have 10/11 mp.
You hit the titanic slime creature but do no damage.
The titanic slime creature is lightly wounded.
The titanic slime creature is struck by your spines.
The titanic slime creature hits you!!!!
Ouch! That really hurt!
You die... ਜਜਜਜ ਜ ਜਜਜਜਜਜਜਜ

....ਜ
ਜਜਜਜਜਜ......ਜਜਜਜਜਜ.....▲
............ਜ...@JJ....ਜ
ਜਜਜਜਜਜ........ਜਜਜਜ.....ਜ
ਜ......ਜਜਜ ....ਜ
ਜਜਜਜ.ਜਜਜ ...ਜ ਜ.ਜ ..ਜ
ਜ.ਜ ਜਜ ਜ.ਜ ਜ.ਜ ਜ.ਜ


You could see a titanic slime creature and a slime creature.

Vanquished Creatures
  Gastronok (D:10)
  Erolcha (D:10)
  Harold (D:10)
  An unseen horror (D:11)
  2 hill giants
  A centaur skeleton (D:10)
  A spiny frog (D:8)
  A troll (D:10)
  Prince Ribbit (D:6)
  2 wyverns
  A deep elf mage (D:10)
  Eustachio (D:5)
  A steam dragon (D:9)
  Grum (D:10)
  2 wolves (D:10)
  A hungry ghost (D:8)
  Menkaure (D:5)
  4 orc warriors
  8 ice beasts
  8 centaurs
  A sky beast (D:9)
  2 phantoms
  5 ogres
  3 big kobolds
  7 giant frogs
  A wyvern zombie (D:8)
  4 wyvern skeletons
  6 killer bees (D:9)
  3 scorpions
  4 crimson imps
  2 centaur zombies
  A giant frog zombie (D:6)
  3 quasits
  4 hounds
  11 orc wizards
  A giant frog skeleton (D:10)
  9 orc priests
  Jessica (D:2)
  Natasha (D:4)
  2 iguanas
  5 worker ants
  A killer bee zombie (D:8)
  3 hound skeletons
  A mummy (D:6)
  12 adders
  7 gnolls
  2 worker ant zombies (D:8)
  3 shadow imps
  2 oozes
  3 adder zombies
  3 adder skeletons
  4 giant geckos
  39 orcs
  2 ball pythons (D:3)
  4 giant cockroaches
  7 goblins
  8 hobgoblins
  11 jackals
  15 kobolds
  5 quokkas
  4 bats (D:1)
  4 giant newts
  3 hobgoblin zombies (D:8)
  A kobold skeleton (D:8)
  A kobold zombie (D:8)
  An orc skeleton (D:8)
  2 quokka skeletons
  7 rats
271 creatures vanquished.

Notes
Turn   | Place    | Note
--------------------------------------------------------------
     0 | D:1      | Goblin1989 the Demonspawn Hunter began the quest for the Orb.
     0 | D:1      | Reached XP level 1. HP: 16/16 MP: 1/1
   313 | D:1      | Reached skill level 4 in Crossbows
   354 | D:1      | Gained mutation: You are partially covered in thin metallic scales (AC +2). [demonic ancestry]
   354 | D:1      | Reached XP level 2. HP: 17/22 MP: 2/2
   844 | D:2      | Gained mutation: You are partially covered in sharp spines. [demonic ancestry]
   844 | D:2      | Reached XP level 3. HP: 14/29 MP: 3/3
   884 | D:2      | Noticed Jessica
   894 | D:2      | Killed Jessica
  1152 | D:2      | Reached XP level 4. HP: 37/37 MP: 4/4
  1194 | D:2      | Found a deep blue altar of Sif Muna.
  1194 | D:2      | Found a shimmering altar of Xom.
  1589 | D:3      | Found an iron altar of Okawaru.
  1595 | D:3      | Became a worshipper of Warmaster Okawaru
  1624 | D:3      | Found a shattered altar of Ashenzari.
  1717 | D:3      | Found a stormy altar of Qazlal.
  1724 | D:3      | Found a shadowy altar of Dithmenos.
  1931 | D:3      | Reached skill level 1 in Staves
  1962 | D:3      | Found a shimmering altar of Xom.
  2050 | D:3      | Gained mutation: You have sharp toenails. [demonic ancestry]
  2050 | D:3      | Reached XP level 5. HP: 43/43 MP: 5/5
  2393 | D:3      | Found a burning altar of Makhleb.
  2681 | D:4      | Gained mutation: When hurt, damage is shared between your health and your magic reserves. [demonic ancestry]
  2681 | D:4      | Reached XP level 6. HP: 46/49 MP: 6/6
  2741 | D:4      | Reached * piety under Okawaru
  3039 | D:4      | Noticed Natasha
  3044 | D:4      | Killed Natasha
  3327 | D:5      | Entered Level 5 of the Dungeon
  3392 | D:5      | Noticed Eustachio
  3410 | D:5      | Killed Eustachio
  3410 | D:5      | Reached skill level 5 in Staves
  3410 | D:5      | Reached XP level 7. HP: 46/55 MP: 5/7
  3710 | D:5      | Found a basalt altar of Yredelemnul.
  3712 | D:5      | Noticed Menkaure
  3719 | D:5      | Killed Menkaure
  3959 | D:5      | Reached skill level 1 in Armour
  4250 | D:6      | Reached ** piety under Okawaru
  4250 | D:6      | Reached skill level 6 in Staves
  4284 | D:6      | Reached skill level 5 in Fighting
  4284 | D:6      | Gained mutation: You are mostly covered in sharp spines. [demonic ancestry]
  4284 | D:6      | Reached XP level 8. HP: 57/62 MP: 6/8
  4370 | D:6      | ololoev: yo gobber
  4377 | D:6      | Goblin1989: yo
  4378 | D:6      | Noticed Prince Ribbit
  4383 | D:6      | Killed Prince Ribbit
  4624 | D:6      | Found an opulent altar of Gozag.
  4665 | D:6      | ololoev: тебя проперло на посохи?
  4745 | D:6      | ololoev: !decentchar
  4758 | D:6      | beem: The RNG chooses: DsCK
  4758 | D:6      | ololoev: ну нафиг
  4758 | D:6      | ololoev: !decentchar
  4758 | D:6      | Goblin1989: ну
  4758 | D:6      | beem: The RNG chooses: SpEE
  4758 | D:6      | Goblin1989: как сказать
  4758 | D:6      | ololoev: !decentchar
  4758 | D:6      | beem: The RNG chooses: MfMo
  4758 | D:6      | ololoev: !decentchar
  4758 | D:6      | Goblin1989: я бы редпочел когти
  4758 | D:6      | beem: The RNG chooses: DrIE
  4758 | D:6      | ololoev: !decentchar
  4758 | D:6      | beem: The RNG chooses: VSAE
  4758 | D:6      | ololoev: !decentchar
  4758 | D:6      | beem: The RNG chooses: VSNe
  4758 | D:6      | ololoev: так
  4758 | D:6      | ololoev: надо табберскую комбу
  4758 | D:6      | ololoev: !apt vs
  4758 | D:6      | beem: VS: Fighting: -1, Short: -1, Long: -1, Axes: -1, Maces: -1, Polearms: -1, Staves: -1, Slings: -1, Bows: -1, Xbows: -1, Throw: -1, Armour: -2, Dodge: -2, Stealth: 3, Shields: -1, UC: 0, Splcast: 0, Conj: 0, Hexes: 0, Charms: 0, Summ: 0, Nec: 0, Tloc: 0, Tmut: 0, Fire: 0, Ice: 0, Air: 0, Earth: 0, Poison: 0, Inv: 0, Evo: -1, Exp: 0, HP: -3, MP: 1
  4758 | D:6      | ololoev: !decentchar
  4758 | D:6      | beem: The RNG chooses: TeNe
  4758 | D:6      | ololoev: !decentchar
  4758 | D:6      | Goblin1989: но из двуручей посохи только на 14 навыка работают
  4758 | D:6      | beem: The RNG chooses: DDWn
  4758 | D:6      | ololoev: !decentchar
  4758 | D:6      | beem: The RNG chooses: GrFE
  4758 | D:6      | Goblin1989: остальным двуручам больше надо
  4758 | D:6      | ololoev: !decentchar
  4758 | D:6      | beem: The RNG chooses: TeVM
  4758 | D:6      | ololoev: но посохи и фиговы по дамагу
  4758 | D:6      | ololoev: и все двуручны
  4758 | D:6      | Goblin1989: а я не хочу каачать кучу ненужного милишного оружия
  4758 | D:6      | Goblin1989: хочу арбалетом пострелять
  4761 | D:6      | ololoev: тогда сразу качай арбалет
  4762 | D:6      | Found a snail-covered altar of Cheibriados.
  4763 | D:6      | ololoev: !decentchar
  4763 | D:6      | beem: The RNG chooses: DrGl
  4763 | D:6      | ololoev: !decentchar
  4763 | D:6      | beem: The RNG chooses: GrBe
  4763 | D:6      | ololoev: во
  4763 | D:6      | ololoev: ГрБе
  4763 | D:6      | ololoev: табберская комба
  4763 | D:6      | ololoev: таб 100%
  4763 | D:6      | ololoev: ничего не отвлекает от таба
  4763 | D:6      | ololoev: это я понимаю
  4770 | D:6      | Reached skill level 7 in Staves
  4964 | D:7      | Found a staircase to the Ecumenical Temple.
  5155 | D:7      | Reached *** piety under Okawaru
  5537 | D:7      | Got a bloodstained dagger
  5538 | D:7      | Identified the +10 dagger "Plog" {freeze, Dex+4} (You found it on level 7 of the Dungeon)
  5560 | D:7      | Gained mutation: You have razor-sharp toenails. [demonic ancestry]
  5560 | D:7      | Reached XP level 9. HP: 64/69 MP: 9/9
  5836 | D:7      | Reached skill level 8 in Staves
  5952 | D:8      | Found a radiant altar of Vehumet.
  6182 | D:8      | Noticed a spiny frog
  6191 | D:8      | Killed a spiny frog
  6191 | D:8      | Reached **** piety under Okawaru
  6226 | D:8      | Found a staircase to the Lair.
  6277 | D:8      | Noticed a hill giant
  6287 | D:8      | Killed a hill giant
  6287 | D:8      | Reached skill level 9 in Staves
  6287 | D:8      | Reached skill level 5 in Dodging
  6293 | D:8      | Found a glowing golden altar of the Shining One.
  6516 | D:8      | Gained mutation: You are mostly covered in thin metallic scales (AC +3). [demonic ancestry]
  6516 | D:8      | Reached XP level 10. HP: 69/79 MP: 8/10
  6532 | D:8      | Found Anlaodd's Assorted Antiques.
  6648 | D:9      | Gained mutation: Your body sometimes deteriorates upon taking damage. [mutagenic meat]
  6649 | D:9      | Gained mutation: You are frail (-10% HP). [mutagenic meat]
  6650 | D:9      | Gained mutation: Your mind is acute. (Int +2) [mutagenic meat]
  6697 | D:9      | Found a sparkling altar of Nemelex Xobeh.
  6818 | D:9      | Found an opulent altar of Gozag.
  6867 | D:9      | Reached skill level 5 in Armour
  6905 | D:9      | Received a gift from Okawaru
  7596 | D:10     | Entered Level 10 of the Dungeon
  7605 | D:10     | Reached ***** piety under Okawaru
  7605 | D:10     | Reached skill level 10 in Staves
  7636 | D:10     | Received a gift from Okawaru
  7784 | D:10     | Noticed Erolcha
  7797 | D:10     | Killed Erolcha
  7797 | D:10     | Received a gift from Okawaru
  7797 | D:10     | Reached XP level 11. HP: 41/77 MP: 5/11
  8072 | D:10     | Found a staircase to the Orcish Mines.
  8138 | D:10     | Noticed Gastronok
  8176 | D:10     | Killed Gastronok
  8176 | D:10     | Received a gift from Okawaru
  8326 | D:10     | Received a gift from Okawaru
  8364 | D:10     | Noticed Harold
  8393 | D:10     | Killed Harold
  8393 | D:10     | Reached skill level 11 in Staves
  8443 | D:10     | Noticed Grum
  8454 | D:10     | Killed Grum
  8659 | D:10     | Noticed a hill giant
  8671 | D:10     | Killed a hill giant
  8960 | D:11     | Killed an unseen horror
  8999 | D:11     | Mangled by a titanic slime creature

Action                   |  1- 3 |  4- 6 |  7- 9 | 10-12 || total
-------------------------+-------+-------+-------+-------++-------
Melee: Mace              |    75 |    19 |       |       ||    94
       Quarterstaff      |       |    94 |   231 |   318 ||   643
 Fire: Hand crossbow     |    21 |       |       |     2 ||    23
Invok: Heroism           |       |     1 |     4 |     7 ||    12
  Use: Scroll            |       |     7 |     1 |       ||     8
 Stab: Sleeping          |     1 |       |       |       ||     1
  Eat: Chunk             |     1 |     7 |    12 |     8 ||    28
       Beef jerky        |       |       |       |     1 ||     1
       Royal jelly       |       |       |       |     1 ||     1

Vault maps used:
D:1:      roderic_crop_circles_arrival_small
D:2:      gammafunk_temple_overflow_elements, first_bread, lemuel_statue_altar,
          uniq_jessica
D:3:      lemuel_coloured_pillars_altar, old_standard_altar,
          nicolae_ashenzari_panopticon, overflow_temple_1_default,
          okawaru_metal_pillars_1_2, xom_teletrap_fun
D:4:      uniq_natasha
D:5:      yredelemnul_altar_generic, uniq_eustachio, uniq_menkaure
D:6:      slow_altar_1, basic_altar, uniq_prince_ribbit1
D:7:      minmay_temple_entry_junction, grunt_ministairs_9
D:8:      kennysheep_mini_moat, nicolae_tso_besieged_by_evil,
          dpeg_lair_monsters, serial_shops, nicolae_shop_overgrown_old_shop,
          kennysheep_small_circle
D:9:      nicolae_gozag_cash_rules_everything_around_me,
          nemelex_xobeh_ov_fountains_minmay
D:10:     orc_0_dummy, uniq_gastronok, uniq_grum, uniq_harold, uniq_erolcha
D:11:     hangedman_tell_no_tales
